 Dungeon Crawl Stone Soup version 0.22-a0-587-g7d32d7c (webtiles) character file.

52 royokou the Conjurer (level 3, 0/26 HPs)
             Began as a Draconian Conjurer on July 3, 2018.
             Slain by a goblin
             ... wielding a +0 club
             ... led by Robin
              (2 damage)
             ... on level 2 of the Dungeon.
             The game lasted 00:06:58 (1614 turns).

royokou the Conjurer (Draconian Conjurer)           Turns: 1614, Time: 00:06:59

Health: 0/26       AC:  5    Str: 10    XL:     3   Next: 60%
Magic:  0/6        EV: 12    Int: 16    God:
Gold:   91         SH:  0    Dex: 11    Spells: 4/7 levels left

rFire    . . .     SeeInvis .   i - -2 dagger (curse)
rCold    . . .     Gourm    .   (no shield)
rNeg     . . .     Faith    .   (armour unavailable)
rPois    .         Spirit   .   (helmet restricted)
rElec    .         Reflect  .   (no cloak)
rCorr    .         Harm     .   (no gloves)
MR       .....                  (no boots)
Stlth    +++.......             (no amulet)
HPRegen  0.08/turn              f - ring of stealth
MPRegen  0.10/turn              (no ring)

@: no status effects
A: unfitting armour, cold-blooded, AC +5
a: no special abilities


You were on level 2 of the Dungeon.
You were not hungry.

You visited 1 branch of the dungeon, and saw 2 of its levels.

You collected 91 gold pieces.

Inventory:

Hand Weapons
 a - a +0 mace
 c - a +1 dagger
 i - a cursed -2 dagger (weapon)
 j - a cursed -2 dagger
Jewellery
 f - a ring of stealth (left hand)
Scrolls
 e - a scroll of magic mapping
 h - a scroll of identify
Potions
 d - 2 potions of lignification
 g - a potion of berserk rage
 k - a potion of curing {unknown}
Comestibles
 b - 5 rations


   Skills:
 - Level 1.7 Dodging
 - Level 1.7 Stealth
 + Level 2.6 Spellcasting
 * Level 5.0 Conjurations


You had 4 spell levels left.
You knew the following spells:

 Your Spells              Type           Power        Failure   Level  Hunger
a - Magic Dart            Conj           ###.         2%          1    #......
b - Searing Ray           Conj           ###...       3%          2    ##.....

Your spell library contained the following spells:

 Spells                   Type           Power        Failure   Level  Hunger
 Iskenderun's Mystic Bla  Conj           ###.....     24%         4    #####..
 Fulminant Prism          Conj/Hex       ##........   56%         4    #####..
 Dazzling Spray           Conj/Hex       ##....       21%         3    ###....
 Force Lance              Conj/Tloc      ##......     56%         4    #####..


Dungeon Overview and Level Annotations

Branches:
Dungeon (2/15)

Altars:


Innate Abilities, Weirdness & Mutations

Your plain brown scales are hard. (AC +5)
You cannot fit into any form of body armour.
You are cold-blooded and may be slowed by cold attacks.


Message History

Aim: an adder (heavily wounded)
The magic dart hits the adder.
The adder is almost dead.
The goblin shouts!
You hear a shout!
The adder bites you.
* * * LOW HITPOINT WARNING * * *
The adder bites you but does no damage. The goblin barely misses you.
The adder misses you.
You hit the adder but do no damage.
Your tail-slap misses the adder.
The adder is severely wounded.
The adder barely misses you. The goblin completely misses you.
You hit the adder.
The adder is almost dead.
The adder misses you. The goblin misses you.
You closely miss the adder.
The adder is almost dead.
The adder bites you.
* * * LOW HITPOINT WARNING * * *
The goblin hits you with a club.
You die...

#####g.......$.gg### ######
gg....g.....)..#l.g###....#
#####g.........###.g......#
.......... #####....# #
.........# ####....# #
#.......(...#####.l.....# #
#....####.#.......##....# #
#............#######..!.#
###....##.#....g@.# #....#
..........#.###g#S# #....#
.......##l..# #...# #.(..#
.# #...### ##..# ###### .#
##.### #..# .# #..# #..# .#
#.## #..# .# ##.# #..#
.####..# #..#


You could see an adder, a hobgoblin and a goblin.

Vanquished Creatures
  Robin (D:2)
  An adder (D:2)
  A dart slug (D:2)
  2 leopard geckos
  A bat (D:1)
  7 goblins
  5 hobgoblins
  2 jackals (D:2)
  3 frilled lizards
  3 kobolds (D:1)
  2 rats (D:2)
28 creatures vanquished.

Notes
Turn   | Place    | Note
-------+----------+-------------------------------------------
     0 | D:1      | royokou the Draconian Conjurer began the quest for the Orb.
     0 | D:1      | Reached XP level 1. HP: 14/14 MP: 3/3
   451 | D:1      | Reached XP level 2. HP: 20/20 MP: 5/5
   455 | D:1      | Learned a level 2 spell: Searing Ray
   706 | D:1      | You fall through a shaft!
   706 | D:2      | Noticed Robin
  1218 | D:2      | Reached XP level 3. HP: 24/26 MP: 3/6
  1295 | D:2      | Killed Robin
  1570 | D:2      | Reached skill level 5 in Conjurations
  1614 | D:2      | Slain by a goblin

Vault maps used:
D:1:      saegor_arrival_under_anarchy
D:2:      uniq_robin, uniq_sigmund

Skill      XL: |  1  2  3 |
---------------+----------+-----
Conjurations   | 5 |  5.0
Dodging        | |  1.7
Stealth        | |  1.7
Spellcasting   | |  2.6

Action                   || total
-------------------------++-------
Melee: Dagger            ||    36
       Tailslap          ||     4
 Cast: Magic Dart        ||    23
       Searing Ray       ||     9
  Use: Scroll            ||     5
 Stab: Sleeping          ||     5
  Eat: Chunk             ||     3
Armor: Skin              ||    18
Dodge: Dodged            ||    47

Table legend:
 A = Spawn XP
 B = Non-spawn XP
 C = Spawn XP percentage of total XP
 D = Spawn monster count
 E = Non-spawn monster count
 F = Spawn count percentage of total count
 G = Total turns spent on level
                    A         B        C        D         E        F      G
               +---------+---------+-------+---------+---------+-------+---------
         Total |       0 |      75 |   0.0 |       0 |      28 |   0.0 |  1614
               +---------+---------+-------+---------+---------+-------+---------
           D:1 |       0 |      21 |   0.0 |       0 |      13 |   0.0 |  1196
           D:2 |       0 |      54 |   0.0 |       0 |      15 |   0.0 |   418
               +---------+---------+-------+---------+---------+-------+---------
